[Event "Titled Tuesday Blitz February 21 Late 2023"]
[White "Poliakova, Varvara"]
[Black "Arencibia Monduy, Antonio"]
[WhiteFideId "13518313"]
[BlackFideId "3507939"]
[WhiteElo "2010"]
[BlackElo "2122"]
[Result "1-0"]
[Round "10"]
[TimeControl "180+2"]
[Date "2023.02.21"]
[WhiteClock "0:01:08"]
[BlackClock "0:00:01"]

1. e4 e6 2. d4 d5 3. e5 c5 4. c3 Nc6 5. Nf3 cxd4 6. cxd4 Nge7 7. a3 Nf5 8. Nc3 Be7 9. Bd3 O-O 10. Ne2 f6 11. b4 fxe5 12. dxe5 a6 13. Ng3 Bd7 14. O-O Nxg3 15. hxg3 Be8 16. Bf4 Rc8 17. Rc1 Nb8 18. Rxc8 Qxc8 19. Qb1 g6 20. Rc1 Nc6 21. Bh6 Rf7 22. Ng5 Bxg5 23. Bxg5 Qb8 24. Re1 Ne7 25. Bf6 Bb5 26. Bxb5 axb5 27. Qd3 Qe8 28. Rc1 Qd7 29. Rc5 Nc6 30. Qxb5 Rf8 31. a4 Ra8 32. a5 Qf7 33. Rxc6 bxc6 34. Qxc6 Rb8 35. b5 Qe8 36. Qc7 Qf8 37. b6 Rc8 38. Qd7 Rc1+ 39. Kh2 Qh6+ 40. Bh4 Qd2 41. Qxe6+ Kg7 42. Qf6+ Kg8 43. b7 Rb1 44. Qd8+ Kg7 45. b8=Q Qd1 46. Qf6+ Kh6 47. Qbf8+ Kh5 48. Qg5# 1-0


[Site "https://www.chess.com"]

[Event "Titled Tuesday Blitz February 21 Late 2023"]
[White "Jovic, Stanoje"]
[Black "Sielecki, Christof"]
[WhiteFideId "905020"]
[BlackFideId "4620437"]
[WhiteElo "2075"]
[BlackElo "2419"]
[Result "0-1"]
[Round "10"]
[TimeControl "180+2"]
[Date "2023.02.21"]
[WhiteClock "0:00:03"]
[BlackClock "0:00:22"]

1. c4 e5 2. g3 Nc6 3. Bg2 Bc5 4. Nc3 d6 5. e3 a6 6. Nf3 Ba7 7. h3 Nge7 8. d4 exd4 9. exd4 Nf5 10. d5 Ne5 11. Nxe5 dxe5 12. Ne4 O-O 13. O-O Nd4 14. Kh2 c6 15. Nc3 cxd5 16. Nxd5 Be6 17. Be3 Rc8 18. b3 b5 19. Rc1 bxc4 20. bxc4 Rxc4 21. Rxc4 Bxd5 22. Bxd4 Bxd4 23. Rxd4 exd4 24. Qxd4 Bxg2 25. Qxd8 Rxd8 26. Kxg2 Rd2 27. Ra1 a5 28. a4 Rd4 29. Kf3 g5 30. Ke3 Rb4 31. f3 Kg7 32. Ra3 Kg6 33. g4 h5 34. Kf2 f5 35. Kg2 hxg4 36. hxg4 fxg4 37. fxg4 Rxg4+ 38. Kf3 Rb4 39. Kg3 Kh5 40. Ra1 Rb3+ 41. Kg2 Kg4 42. Ra2 Kh4 43. Kh2 g4 44. Kg2 Kg5 45. Rc2 Kh4 46. Ra2 Rb4 47. Kh2 Kg5 48. Kg2 Kf5 49. Kf2 Ke5 50. Kg3 Kd5 51. Ra3 Kc5 52. Kh4 Rc4 53. Kg3 Kb4 54. Ra1 Kb3 55. Kh4 Kb2 56. Rg1 Rxa4 57. Rg2+ Kb3 58. Rg3+ Kc2 59. Rg2+ Kd3 60. Rg3+ Ke2 61. Rb3 Rb4 62. Ra3 a4 63. Ra2+ Kd3 64. Kg3 Kc3 65. Ra1 Kb2 66. Re1 a3 67. Re2+ Kb3 68. Re3+ Ka4 0-1


[Site "https://www.chess.com"]

[Event "Titled Tuesday Blitz February 21 Late 2023"]
[White "Haszon, David"]
[Black "Maltsevskaya, Aleksandra"]
[WhiteFideId "733610"]
[BlackFideId "24174041"]
[WhiteElo "2264"]
[BlackElo "2390"]
[Result "0-1"]
[Round "10"]
[TimeControl "180+2"]
[Date "2023.02.21"]
[WhiteClock "0:00:10"]
[BlackClock "0:00:56"]

1. d4 Nf6 2. Bf4 g6 3. Nc3 Bg7 4. e4 d6 5. Qd2 O-O 6. Bh6 c5 7. Bxg7 Kxg7 8. d5 a6 9. a4 Nbd7 10. h4 Rb8 11. h5 b5 12. hxg6 fxg6 13. Qh6+ Kg8 14. Nf3 b4 15. Nd1 Ne5 16. Ng5 Nf7 17. Nxf7 Rxf7 18. f3 b3 19. c3 e6 20. dxe6 Bxe6 21. Bxa6 d5 22. e5 Nd7 23. f4 d4 24. Bd3 Nf8 25. c4 Rb4 26. Rc1 Rxa4 27. Nf2 Ra2 28. Rb1 Qa5+ 29. Ke2 Qa3 30. Ne4 Rxb2+ 31. Rxb2 Qxb2+ 32. Kf3 Nd7 33. Ng5 Nxe5+ 34. Kg3 Ng4 35. Qh4 Qf2+ 36. Kh3 Ne3+ 37. Nxe6 Qxg2# 0-1


[Site "https://www.chess.com"]

[Event "Titled Tuesday Blitz February 21 Late 2023"]
[White "Vaglio Mattey, Emanuel"]
[Black "Shapiro, Viktor"]
[WhiteFideId "6504167"]
[BlackFideId "4175700"]
[WhiteElo "2155"]
[BlackElo "2192"]
[Result "0-1"]
[Round "10"]
[TimeControl "180+2"]
[Date "2023.02.21"]
[WhiteClock "0:00:02"]
[BlackClock "0:00:48"]

1. d4 Nf6 2. Nf3 c5 3. c3 e6 4. g3 d5 5. Bg2 Nc6 6. O-O Be7 7. Bg5 O-O 8. Nbd2 cxd4 9. Nxd4 Nxd4 10. cxd4 Qb6 11. Nf3 Bd7 12. Ne5 Bb5 13. b4 Rfc8 14. a4 Be8 15. Qd2 Ne4 16. Bxe4 Bxg5 17. Bxh7+ Kxh7 18. Qxg5 f6 19. Qh4+ Kg8 20. Nd3 Rc4 21. e3 e5 22. Nc5 exd4 23. exd4 Rxb4 24. a5 Qd6 25. Rab1 Rxb1 26. Rxb1 b6 27. Nb7 Qc7 28. a6 Bg6 29. Re1 Be4 30. Qg4 f5 31. Qg5 Qc3 32. Rd1 Rc8 33. h4 Qf3 34. Kf1 Qxd1# 0-1


[Site "https://www.chess.com"]

[Event "Titled Tuesday Blitz February 21 Late 2023"]
[White "Sztokbant, Bernardo Vainzoff"]
[Black "Rios Escobar, Adan"]
[WhiteFideId "2115956"]
[BlackFideId "3403645"]
[WhiteElo "2213"]
[BlackElo "2234"]
[Result "0-1"]
[Round "10"]
[TimeControl "180+2"]
[Date "2023.02.21"]
[WhiteClock "0:00:24"]
[BlackClock "0:00:40"]

1. d4 Nf6 2. c4 g6 3. Nf3 Bg7 4. g3 c5 5. Bg2 cxd4 6. Nxd4 O-O 7. O-O Nc6 8. Nc3 Qa5 9. Nc2 d6 10. Bd2 Qh5 11. Ne3 Bh3 12. Bf3 Ng4 13. Nxg4 Bxg4 14. Bxg4 Qxg4 15. e4 Qh3 16. Be3 Ne5 17. Qe2 Rfc8 18. Nd5 Rxc4 19. f4 Ng4 20. e5 dxe5 21. Rfc1 Re4 22. f5 Bh6 23. Nxe7+ Kh8 24. Bxh6 Rxe2 0-1


[Site "https://www.chess.com"]

[Event "Titled Tuesday Blitz February 21 Late 2023"]
[White "Pino Perez, Lazaro"]
[Black "Moral Garcia, Serafin"]
[WhiteFideId "3517055"]
[BlackFideId "2201925"]
[WhiteElo "2142"]
[BlackElo "2238"]
[Result "1-0"]
[Round "10"]
[TimeControl "180+2"]
[Date "2023.02.21"]
[WhiteClock "0:00:45"]
[BlackClock "0:01:43"]

1. d4 Nf6 2. Bf4 c5 3. d5 Qb6 4. Nc3 Qxb2 5. Bd2 Qb6 6. e4 d6 7. f4 e6 8. Rb1 Qd8 9. Nf3 g6 10. Bb5+ Bd7 11. dxe6 fxe6 12. Ng5 Ke7 13. e5 dxe5 14. fxe5 Nd5 15. O-O Bxb5 16. Nxb5 Bh6 17. Rf7+ Ke8 18. Nd6+ Qxd6 19. exd6 Bxg5 20. Bxg5 Kxf7 21. Rxb7+ Ke8 22. Qe2 1-0


[Site "https://www.chess.com"]

[Event "Titled Tuesday Blitz February 21 Late 2023"]
[White "Jorajuria Mendoza, Algol"]
[Black "Fiorito, Francisco"]
[WhiteFideId "5128897"]
[BlackFideId "180165"]
[WhiteElo "2069"]
[BlackElo "2305"]
[Result "0-1"]
[Round "10"]
[TimeControl "180+2"]
[Date "2023.02.21"]
[WhiteClock "0:00:01"]
[BlackClock "0:02:17"]

1. e4 c5 2. Nf3 Nc6 3. Bb5 g6 4. O-O Bg7 5. c3 Nf6 6. Re1 O-O 7. h3 Qb6 8. a4 a6 9. Bf1 d6 10. d4 cxd4 11. cxd4 Nd7 12. d5 Nce5 13. a5 Nxf3+ 14. Qxf3 Qb4 15. Nc3 Nc5 16. Bd3 Bxc3 17. bxc3 Qxc3 18. Bh6 Qxd3 19. Re3 Qd4 20. Rd1 Qf6 21. Qxf6 exf6 22. Bxf8 Kxf8 23. Rb1 Bd7 24. Rb6 Ke7 25. f4 Bb5 26. e5 fxe5 27. fxe5 dxe5 28. Rxe5+ Kf8 29. Re1 Rd8 30. Rd1 Rd7 31. Kf2 Kg7 32. Ke3 Na4 33. Rxb5 axb5 34. Kd4 b4 35. Rb1 Nc3 36. Rxb4 Nxd5 37. Rb2 Nb4+ 38. Kc4 Nc6 39. Kb5 Rd5+ 40. Kb6 Nxa5 41. Rc2 h5 42. Rc3 h4 0-1


[Site "https://www.chess.com"]

[Event "Titled Tuesday Blitz February 21 Late 2023"]
[White "Bhavikatti, Neil"]
[Black "Petukhov, Dmitry"]
[WhiteFideId "30935024"]
[BlackFideId "4142748"]
[WhiteElo "2051"]
[BlackElo "2350"]
[Result "0-1"]
[Round "10"]
[TimeControl "180+2"]
[Date "2023.02.21"]
[WhiteClock "0:00:01"]
[BlackClock "0:00:14"]

1. d4 Nf6 2. c4 g6 3. Nc3 d5 4. Bg5 Ne4 5. Bh4 Nxc3 6. bxc3 dxc4 7. e3 Qd5 8. Nf3 Bg7 9. Bg3 c5 10. Qa4+ Nc6 11. Bxc4 Qh5 12. O-O O-O 13. Rfd1 cxd4 14. cxd4 e5 15. dxe5 Nxe5 16. Nxe5 Bxe5 17. Rd5 Bxa1 18. Rxh5 gxh5 19. Qd1 Bg7 20. Qxh5 Be6 21. Bd3 h6 22. Qf3 Rfd8 23. Qxb7 Rac8 24. Bf1 Rc1 25. h4 Rdd1 26. Kh2 Rxf1 27. Bf4 Bf6 28. Bxh6 Rh1+ 29. Kg3 Rxh4 30. Bf4 Rh5 31. Qxa7 Bh4+ 32. Kf3 Bd5+ 33. e4 Be6 34. Qb8+ Rc8 35. Qb2 Rhc5 36. g3 Rc3+ 37. Kg2 Bf6 38. Qe2 Rc2 39. Qd3 Rxa2 40. e5 Be7 41. Qf3 Rcc2 42. Qb7 Rxf2+ 43. Kg1 Bc5 44. Qb8+ Kh7 45. Qb1+ Rfc2+ 46. Kf1 Bf5 0-1


[Site "https://www.chess.com"]

[Event "Titled Tuesday Blitz February 21 Late 2023"]
[White "Guzman Moneo, Alberto"]
[Black "Veiga, Jose Francisco R P Neves"]
[WhiteFideId "2209616"]
[BlackFideId "1930087"]
[WhiteElo "2170"]
[BlackElo "2406"]
[Result "0-1"]
[Round "10"]
[TimeControl "180+2"]
[Date "2023.02.21"]
[WhiteClock "0:00:02"]
[BlackClock "0:00:45"]

1. e4 Nc6 2. d4 d5 3. e5 Bf5 4. Bb5 e6 5. Ne2 f6 6. Ng3 Bg6 7. f4 Nh6 8. Be3 Be7 9. Nd2 O-O 10. Nf3 Nb4 11. Ba4 b5 12. Bb3 c5 13. dxc5 Ng4 14. Bd4 Nc6 15. c3 fxe5 16. Nxe5 Ngxe5 17. fxe5 Bg5 18. Qg4 Qe7 19. h4 Bf4 20. h5 Bd3 21. Rd1 Bc4 22. h6 g6 23. Bxc4 bxc4 24. O-O Bxe5 25. Rxf8+ Rxf8 26. Rf1 Rxf1+ 27. Nxf1 Bxd4+ 28. cxd4 Qf6 29. Ne3 Nxd4 30. Kh2 Qe5+ 31. Qg3 Qxg3+ 32. Kxg3 Kf7 33. Ng4 Nc6 34. Kf4 a5 35. a3 Ke7 36. g3 d4 37. Ke4 e5 38. Kd5 Kd7 39. Nf6+ Kc7 40. Nxh7 d3 0-1


[Site "https://www.chess.com"]

[Event "Titled Tuesday Blitz February 21 Late 2023"]
[White "Ardila, Oscar Humberto"]
[Black "Santos Flores, Alberto"]
[WhiteFideId "4404742"]
[BlackFideId "3601234"]
[WhiteElo "1982"]
[BlackElo "2164"]
[Result "0-1"]
[Round "10"]
[TimeControl "180+2"]
[Date "2023.02.21"]
[WhiteClock "0:00:15"]
[BlackClock "0:01:13"]

1. d4 d5 2. c4 c6 3. cxd5 cxd5 4. Nc3 Nf6 5. Nf3 Nc6 6. Bf4 a6 7. e3 Bg4 8. Be2 e6 9. O-O Be7 10. Rc1 O-O 11. h3 Bxf3 12. Bxf3 Rc8 13. Na4 Nd7 14. Nc5 Nxc5 15. dxc5 Bf6 16. Qd2 Qa5 17. Qxa5 Nxa5 18. Bd6 Rfe8 19. b3 Be7 20. Bxe7 Rxe7 21. b4 Nc6 22. a3 a5 23. b5 Ne5 24. Be2 Rec7 25. f4 Nd7 26. c6 bxc6 27. a4 cxb5 28. Rxc7 Rxc7 29. Bxb5 Nf6 30. Rb1 g6 31. Bd3 Rc3 32. Rd1 Ra3 33. g4 Rxa4 34. g5 Ne4 35. Kg2 Ra2+ 36. Kf3 Rf2+ 37. Kg4 Kg7 38. Bxe4 dxe4 39. h4 Re2 40. Ra1 Rxe3 41. Rxa5 h5+ 42. gxh6+ Kxh6 43. f5 exf5+ 44. Kf4 Rf3+ 45. Ke5 e3 46. Kf6 Rf4 47. Ra8 Kh5 48. Rh8+ Kg4 49. Kxf7 e2 50. Kxg6 e1=Q 0-1


[Site "https://www.chess.com"]

[Event "Titled Tuesday Blitz February 21 Late 2023"]
[White "Fiorito, Joaquin"]
[Black "Fernandez Siles, Luis"]
[WhiteFideId "180173"]
[BlackFideId "2209420"]
[WhiteElo "2405"]
[BlackElo "2218"]
[Result "1-0"]
[Round "10"]
[TimeControl "180+2"]
[Date "2023.02.21"]
[WhiteClock "0:00:52"]
[BlackClock "0:00:14"]

1. d4 Nf6 2. Nc3 d5 3. Bf4 c6 4. e3 g6 5. Be2 Bg7 6. h4 h5 7. Nf3 Bg4 8. Ne5 Bxe2 9. Qxe2 Nfd7 10. Nxd7 Nxd7 11. O-O-O e5 12. Bg3 O-O 13. Kb1 exd4 14. exd4 Re8 15. Qd2 b5 16. f3 Nb6 17. Rhe1 Qd7 18. Bf4 Nc4 19. Qd3 Rxe1 20. Rxe1 Re8 21. Rd1 Qe7 22. b3 Qb4 23. Ka1 Na3 24. Kb2 a5 25. Nb1 Nc4+ 26. Ka1 Na3 27. c3 Bxd4 28. cxd4 Qxd4+ 29. Qxd4 Nc2+ 30. Kb2 Nxd4 31. Rxd4 Re2+ 32. Rd2 Re1 33. Nc3 b4 34. Ne2 1-0


[Site "https://www.chess.com"]

[Event "Titled Tuesday Blitz February 21 Late 2023"]
[White "Vovk, Orest"]
[Black "Chernomordik, Pavel"]
[WhiteFideId "14113490"]
[BlackFideId "2804530"]
[WhiteElo "2315"]
[BlackElo "2150"]
[Result "0-1"]
[Round "10"]
[TimeControl "180+2"]
[Date "2023.02.21"]
[WhiteClock "0:00:03"]
[BlackClock "0:00:06"]

1. h4 e5 2. h5 h6 3. d4 exd4 4. Qxd4 Nc6 5. Qa4 d5 6. g4 Bc5 7. Nf3 Nf6 8. g5 Ne4 9. Be3 Bxe3 10. fxe3 Nxg5 11. Nc3 Nxf3+ 12. exf3 Qg5 13. O-O-O Qxe3+ 14. Kb1 Be6 15. Bb5 Qc5 16. Bxc6+ bxc6 17. Rhg1 Rb8 18. Ka1 Qb4 19. Qxb4 Rxb4 20. Rxg7 Rf4 21. Rg3 Ke7 22. Rh1 c5 23. Ne2 Rf5 24. b3 d4 25. Rh4 Bd5 26. Nf4 Bc6 27. Kb2 Kd6 28. b4 c4 29. Ne2 c3+ 30. Ka3 d3 31. Rd4+ Ke7 32. Rxd3 Bb5 33. Re3+ Kf6 34. Nxc3 Bc4 35. Ne4+ Ke5 36. Nd2+ Kf4 37. Rg4+ Kxe3 38. Nxc4+ Kxf3 39. Rd4 Rf4 40. Ne5+ Kg3 41. Rd3+ Kh4 42. Rd7 Kxh5 43. Nxf7 Rf8 44. Rd5+ Kg6 45. Nd8 R8f5 46. Rd1 Rf3+ 47. Ka4 h5 48. Nc6 R3f4 49. Ne7+ Kg5 50. Nxf5 Kxf5 51. Rd7 Rc4 52. Kb3 Rc6 0-1


[Site "https://www.chess.com"]

[Event "Titled Tuesday Blitz February 21 Late 2023"]
[White "Remolar Gallen, Jose"]
[Black "Kovalevsky, Stanislav"]
[WhiteFideId "2215187"]
[BlackFideId "13508598"]
[WhiteElo "2285"]
[BlackElo "2237"]
[Result "1-0"]
[Round "10"]
[TimeControl "180+2"]
[Date "2023.02.21"]
[WhiteClock "0:01:04"]
[BlackClock "0:00:18"]

1. e4 e6 2. d3 d5 3. Nd2 b6 4. Ngf3 Bb7 5. g3 Nf6 6. Qe2 c5 7. Bg2 Nc6 8. c3 Qd7 9. O-O Be7 10. e5 Ng8 11. Re1 Nh6 12. Nf1 Nf5 13. Bf4 h5 14. h4 d4 15. c4 O-O-O 16. N1d2 f6 17. exf6 gxf6 18. Qxe6 Qxe6 19. Rxe6 Nb4 20. Bh3 Nxd3 21. Bxf5 Nxf4 22. Rxe7+ Kb8 23. gxf4 Rhg8+ 24. Kf1 b5 25. b3 d3 26. Rae1 Rg4 27. Bxg4 hxg4 28. Nh2 f5 29. Re8 Rxe8 30. Rxe8+ Kc7 31. Re7+ Kc8 32. Rxb7 Kxb7 1-0


[Site "https://www.chess.com"]

[Event "Titled Tuesday Blitz February 21 Late 2023"]
[White "Coelho, Ramyres Santana"]
[Black "Hirneise, Jens"]
[WhiteFideId "2120690"]
[BlackFideId "24614734"]
[WhiteElo "1981"]
[BlackElo "2277"]
[Result "0-1"]
[Round "10"]
[TimeControl "180+2"]
[Date "2023.02.21"]
[WhiteClock "0:00:10"]
[BlackClock "0:00:24"]

1. e4 d5 2. exd5 Qxd5 3. Nc3 Qd8 4. Nf3 Nf6 5. Bc4 e6 6. O-O b6 7. d4 Bb7 8. Bf4 Be7 9. Ne5 O-O 10. Re1 Nd5 11. Bd2 Bf6 12. Bd3 g6 13. Ne4 Bg7 14. f4 Nd7 15. c4 Ne7 16. Bc3 Nf6 17. Qe2 Nf5 18. Nxf6+ Bxf6 19. Bxf5 exf5 20. d5 b5 21. b3 bxc4 22. bxc4 a5 23. Qd3 a4 24. a3 c6 25. d6 c5 26. Rad1 Be4 27. Rxe4 fxe4 28. Qxe4 Ra6 29. Nc6 Rxc6 30. Bxf6 Rxd6 31. Bxd8 Rxd1+ 32. Kf2 Rfxd8 33. h3 R8d2+ 34. Kg3 Rd3+ 35. Kh4 Rd4 36. Qe8+ Kg7 37. Qe5+ Kf8 38. Qxc5+ Ke8 39. g3 h5 40. Qb5+ Kf8 41. Qxa4 Kg7 42. Qb5 f6 43. Qb7+ Kh6 44. g4 Rg1 45. Qf3 g5+ 46. fxg5+ fxg5# 0-1


[Site "https://www.chess.com"]

[Event "Titled Tuesday Blitz February 21 Late 2023"]
[White "Buganca, Luiz Henrique Da Silva"]
[Black "Grycel, Kamil"]
[WhiteFideId "2182289"]
[BlackFideId "1115499"]
[WhiteElo "1920"]
[BlackElo "2315"]
[Result "1-0"]
[Round "10"]
[TimeControl "180+2"]
[Date "2023.02.21"]
[WhiteClock "0:01:23"]
[BlackClock "0:00:33"]

1. e4 b6 2. Nc3 Bb7 3. d3 g6 4. f4 Bg7 5. Nf3 c5 6. g3 d6 7. Bg2 Nc6 8. O-O e6 9. f5 gxf5 10. exf5 e5 11. Bg5 Bf6 12. Bd2 d5 13. Qe1 Nge7 14. g4 h6 15. h4 Rg8 16. g5 hxg5 17. hxg5 Bh8 18. f6 Ng6 19. Nh4 Nxh4 20. Qxh4 Nd4 21. Rae1 Qd6 22. Rxe5+ Qxe5 23. Re1 Qxe1+ 24. Qxe1+ Ne6 25. Nxd5 Bxd5 26. Bxd5 O-O-O 27. Bxe6+ fxe6 28. Qxe6+ Kb7 29. f7 Rgf8 30. g6 Bg7 31. Bg5 Rd4 32. Be7 Rh8 33. f8=Q Bxf8 34. Bxf8 Rhh4 35. g7 Rdg4+ 36. Kf2 Rf4+ 37. Kg3 1-0


[Site "https://www.chess.com"]

[Event "Titled Tuesday Blitz February 21 Late 2023"]
[White "Carrasco Miranda, Andres"]
[Black "The_Sherman_Variation"]
[WhiteFideId "3405990"]
[WhiteElo "2240"]
[BlackElo "2501"]
[Result "1-0"]
[Round "10"]
[TimeControl "180+2"]
[Date "2023.02.21"]
[WhiteClock "0:00:25"]
[BlackClock "0:00:21"]

1. d4 Nf6 2. c4 c5 3. d5 b5 4. cxb5 e6 5. Nc3 exd5 6. Nxd5 Bb7 7. e4 a6 8. bxa6 Nxa6 9. Bc4 Nxd5 10. Bxd5 Bxd5 11. Qxd5 Nb4 12. Qc4 Be7 13. Nf3 O-O 14. O-O d6 15. Bd2 Nc6 16. Bc3 Bf6 17. Rfd1 Bxc3 18. Qxc3 Qe7 19. Re1 Rfb8 20. b3 Rb4 21. a3 Rxe4 22. Rxe4 Qxe4 23. b4 cxb4 24. axb4 Rxa1+ 25. Qxa1 Qxb4 26. h4 Qb8 27. h5 h6 28. Qc3 Ne7 29. Nd4 Qb1+ 30. Kh2 Qe4 31. Qb4 Qe5+ 32. Kg1 Nd5 33. Qb8+ Kh7 34. Nf3 Qa1+ 35. Kh2 Qf6 36. Qb1+ g6 37. hxg6+ Qxg6 38. Qb7 Nf4 39. Nh4 Qf6 40. g3 Kg7 41. Qf3 Ne6 42. Nf5+ Kg8 43. Qg4+ Kf8 44. f4 d5 45. Nd6 d4 46. Qf3 Kg7 47. Ne8+ Kg6 48. Nxf6 Kxf6 49. Qe4 Ke7 50. f5 1-0


[Site "https://www.chess.com"]

[Event "Titled Tuesday Blitz February 21 Late 2023"]
[White "Smith, Garrett L"]
[Black "Przybylski, Wojciech"]
[WhiteFideId "2024829"]
[BlackFideId "1117599"]
[WhiteElo "2047"]
[BlackElo "2321"]
[Result "0-1"]
[Round "10"]
[TimeControl "180+2"]
[Date "2023.02.21"]
[WhiteClock "0:00:02"]
[BlackClock "0:00:06"]

1. e4 c5 2. a3 e6 3. b4 b6 4. Bb2 Bb7 5. bxc5 bxc5 6. Nc3 Nc6 7. Nf3 Nge7 8. d3 Ng6 9. g3 h5 10. h4 Be7 11. Bg2 O-O 12. O-O d5 13. exd5 exd5 14. Re1 Bf6 15. Rb1 Bc8 16. Ng5 Bg4 17. f3 Bc8 18. f4 Bg4 19. Bf3 Bd4+ 20. Kh2 Rb8 21. Bxg4 hxg4 22. Qxg4 Rxb2 23. Rxb2 Bxc3 24. Qh5 Qxg5 25. fxg5 Bxe1 26. Rb7 Nd4 27. Qd1 Bc3 28. Qf1 Ne5 29. Rxa7 Nxc2 30. a4 Ne3 31. Qc1 Bd4 32. Rc7 N5g4+ 33. Kh3 Nf2+ 34. Kh2 Nfg4+ 35. Kh3 Re8 36. a5 Nf2+ 37. Kh2 Nfg4+ 38. Kh3 Kh7 39. a6 Re6 40. a7 Ra6 41. h5 Ra2 42. g6+ Kh6 43. Qg1 Nf2+ 44. Kh4 Nf5# 0-1


[Site "https://www.chess.com"]

[Event "Titled Tuesday Blitz February 21 Late 2023"]
[White "mohsengabr2002"]
[Black "Manukyan, Sargis V."]
[BlackFideId "13303465"]
[WhiteElo "2349"]
[BlackElo "2253"]
[Result "0-1"]
[Round "10"]
[TimeControl "180+2"]
[Date "2023.02.21"]
[WhiteClock "0:00:03"]
[BlackClock "0:00:43"]

1. b3 Nf6 2. e3 g6 3. Bb2 Bg7 4. g4 d5 5. g5 Nh5 6. d4 h6 7. gxh6 Rxh6 8. Ne2 Bg4 9. Bg2 Nf6 10. h3 Bf5 11. Ng3 Be6 12. Nc3 Nc6 13. Nce2 Nh5 14. Nxh5 Rxh5 15. Nf4 Rg5 16. Nxe6 fxe6 17. Bf3 Qd6 18. h4 Rf5 19. Bg4 Rf6 20. a4 O-O-O 21. Ba3 Qd7 22. f4 Rdf8 23. Qd2 Kb8 24. a5 Nd8 25. a6 b6 26. c4 Nf7 27. c5 Nh6 28. Be2 Nf5 29. Rh3 Nxe3 30. Qxe3 Rxf4 31. O-O-O e5 32. dxe5 Bh6 33. Kb1 d4 34. Qd3 Qd5 35. cxb6 axb6 36. Bxe7 Re8 37. Bf6 Bf8 38. Qc4 Qg2 39. Rc1 Bc5 40. Rhh1 Rxf6 41. exf6 Rxe2 42. a7+ Kxa7 43. Qa4+ Kb7 44. Rhg1 Qe4+ 45. Ka1 Qe3 46. Rgd1 d3 47. Rxc5 Qxc5 48. Kb1 Qc2+ 0-1


[Site "https://www.chess.com"]

[Event "Titled Tuesday Blitz February 21 Late 2023"]
[White "Prieto Aranguren, Alain"]
[Black "Petrovic, Aleksa"]
[WhiteFideId "2268906"]
[BlackFideId "967629"]
[WhiteElo "2258"]
[BlackElo "2332"]
[Result "0-1"]
[Round "10"]
[TimeControl "180+2"]
[Date "2023.02.21"]
[WhiteClock "0:00:08"]
[BlackClock "0:00:25"]

1. d4 Nf6 2. c4 e6 3. Nc3 Bb4 4. e3 O-O 5. Bd3 d5 6. Nf3 Nc6 7. O-O a6 8. cxd5 exd5 9. Bd2 Bd6 10. Rc1 Ne7 11. Na4 Ng6 12. Nc5 b6 13. Na4 Bg4 14. h3 Bh5 15. a3 Qd7 16. Be2 Ne4 17. Bb4 f5 18. Bxd6 Qxd6 19. Qc2 b5 20. Nc5 f4 21. Nb7 Qf6 22. Qxc7 Nh4 23. Rc6 Nxf3+ 24. Bxf3 Qh4 25. Bxh5 fxe3 26. Bf3 exf2+ 27. Kh2 Rxf3 28. gxf3 Nd2 29. Rcc1 Nxf3+ 30. Kg2 Ng5 31. Rc3 Qe4+ 32. Kxf2 Rf8+ 33. Kg1 Qxd4+ 34. Kg2 Qe4+ 35. Kg1 Qd4+ 36. Kg2 Re8 37. Rg3 Re2+ 38. Kh1 Qe4+ 39. Kg1 Nxh3+ 0-1


[Site "https://www.chess.com"]

[Event "Titled Tuesday Blitz February 21 Late 2023"]
[White "Matsuura, Frederico"]
[Black "Becerra, Juan David"]
[WhiteFideId "2107848"]
[BlackFideId "4404998"]
[WhiteElo "2244"]
[BlackElo "2382"]
[Result "0-1"]
[Round "10"]
[TimeControl "180+2"]
[Date "2023.02.21"]
[WhiteClock "0:00:01"]
[BlackClock "0:00:14"]

1. d4 d5 2. Nf3 e6 3. c4 c6 4. e3 Nf6 5. Nc3 Nbd7 6. Bd3 dxc4 7. Bxc4 Bd6 8. e4 e5 9. dxe5 Nxe5 10. Nxe5 Bxe5 11. Qxd8+ Kxd8 12. Bxf7 Rf8 13. Bb3 Bxc3+ 14. bxc3 Nxe4 15. O-O Nxc3 16. Bb2 Nd5 17. Bxg7 Rg8 18. Be5 Be6 19. Rfe1 Kd7 20. Rad1 b5 21. a4 a6 22. g3 Raf8 23. f4 h5 24. Kf2 Re8 25. Bd4 Bg4 26. Ra1 Rxe1 27. Kxe1 Re8+ 28. Be5 Nb4 29. axb5 cxb5 30. Kd2 Kc6 31. Kc3 Nd5+ 32. Kd4 Nb4 33. Rc1+ Kb6 34. Bc7+ Kb7 35. Bd6 Rd8 36. Rc7+ Kb6 37. Ke5 Nd3+ 38. Kd5 Bf3+ 39. Ke6 Bg4+ 40. Ke7 Rh8 41. Rc3 Rh7+ 42. Bf7 Bf5 43. Bc7+ Kb7 44. Kf6 Be4 45. Bd6 Rh6+ 46. Ke7 Kb6 47. Bc7+ Kb7 48. Bd8 Bc6 49. Rxd3 b4 50. Bd5 Rh7+ 51. Ke6 Bxd5+ 0-1


[Site "https://www.chess.com"]

[Event "Titled Tuesday Blitz February 21 Late 2023"]
[White "Leve, Nitai"]
[Black "Adewumi, Tanitoluwa"]
[WhiteFideId "2006898"]
[BlackFideId "30966396"]
[WhiteElo "2128"]
[BlackElo "2283"]
[Result "0-1"]
[Round "10"]
[TimeControl "180+2"]
[Date "2023.02.21"]
[WhiteClock "0:00:10"]
[BlackClock "0:00:05"]

1. e4 c5 2. Nf3 e6 3. d4 cxd4 4. Nxd4 Nc6 5. Nc3 Qc7 6. Nxc6 bxc6 7. Bd3 d5 8. exd5 cxd5 9. O-O Nf6 10. Re1 Be7 11. Qf3 O-O 12. Bf4 Qb6 13. Be5 Nd7 14. Bxh7+ Kxh7 15. Qh5+ Kg8 16. Bxg7 Kxg7 17. Re3 Qxe3 18. fxe3 Rh8 19. Qg4+ Kf8 20. Rf1 Nf6 21. Qd4 Rh6 22. e4 Ba6 23. Rf3 dxe4 24. Nxe4 Rd8 25. Qa4 Nxe4 26. Qxa6 Rd1+ 27. Rf1 Bc5+ 28. Kh1 Ng3# 0-1


[Site "https://www.chess.com"]

[Event "Titled Tuesday Blitz February 21 Late 2023"]
[White "Ibadov, Dashgyn"]
[Black "Meunier-Pion, Jean"]
[WhiteFideId "24107514"]
[BlackFideId "20685327"]
[WhiteElo "2391"]
[BlackElo "2215"]
[Result "1-0"]
[Round "10"]
[TimeControl "180+2"]
[Date "2023.02.21"]
[WhiteClock "0:00:45"]
[BlackClock "0:00:06"]

1. d4 d5 2. Nf3 Nf6 3. Bf4 c5 4. e3 cxd4 5. exd4 Nc6 6. c3 Qb6 7. Qb3 Qxb3 8. axb3 Nh5 9. Be3 f5 10. b4 f4 11. Bd2 Bf5 12. Be2 e6 13. Nh4 Nf6 14. Nxf5 exf5 15. Bxf4 Ne4 16. f3 Nd6 17. Nd2 Be7 18. h4 O-O 19. Kf2 a6 20. Bd3 g6 21. g3 Kg7 22. Rhe1 Rad8 23. Nb3 h6 24. Nc5 g5 25. hxg5 hxg5 26. Bxd6 Rxd6 27. Ne6+ Rxe6 28. Rxe6 f4 29. Bxa6 fxg3+ 30. Kxg3 Kf7 31. Rae1 Bd8 32. Bxb7 Ne7 33. b5 Nf5+ 34. Kg4 Nh6+ 35. Rxh6 Kg7 36. Ree6 Rf4+ 37. Kg3 Bc7 38. Kg2 g4 39. Reg6+ Kf7 40. Rxg4 Rf5 41. Rh7+ Kf6 42. Rxc7 Rh5 43. Rc6+ Kf5 44. Rc5 Kf6 45. Rxd5 Rh7 46. Bc6 Rh8 47. b6 Rh7 48. b7 Rh8 49. Re5 Kf7 50. Be8+ Kf6 51. Rf4+ Kg7 52. Rg5+ Kh6 53. Rg3 1-0


[Site "https://www.chess.com"]

[Event "Titled Tuesday Blitz February 21 Late 2023"]
[White "Drnovsek, Gal"]
[Black "Kalajzic, Ivan"]
[WhiteFideId "14607077"]
[BlackFideId "14506378"]
[WhiteElo "2397"]
[BlackElo "2062"]
[Result "1-0"]
[Round "10"]
[TimeControl "180+2"]
[Date "2023.02.21"]
[WhiteClock "0:02:09"]
[BlackClock "0:00:02"]

1. e4 Nc6 2. Nc3 d6 3. f4 g6 4. Nf3 Bg7 5. d4 Bg4 6. Bb5 a6 7. Bxc6+ bxc6 8. Be3 Nf6 9. O-O O-O 10. h3 Bxf3 11. Qxf3 Qb8 12. b3 Nd7 13. Ne2 c5 14. c3 cxd4 15. cxd4 c5 16. Rad1 cxd4 17. Nxd4 Qb7 18. Bf2 Nc5 19. Rfe1 a5 20. Nc2 f5 21. Bxc5 dxc5 22. e5 Qxf3 23. gxf3 Bh6 24. Rd7 Rfe8 25. Ne3 Bxf4 26. Nd5 Bg5 27. f4 Bh4 28. Rc1 Red8 29. Nxe7+ Bxe7 30. Rxe7 Rac8 31. e6 Rd4 32. Re1 Rxf4 33. Rd7 Re8 34. Re5 Re4 35. Rxc5 R4xe6 36. Rcc7 Re1+ 37. Kf2 R1e2+ 38. Kf3 R2e3+ 39. Kf4 R3e4+ 40. Kg5 h6+ 41. Kxh6 Rh4+ 42. Kxg6 Re6+ 43. Kxf5 Rhh6 44. Rd8+ 1-0


[Site "https://www.chess.com"]